 Dungeon Crawl Stone Soup version 0.28-a0-998-gb9e9c7b67e (webtiles) character file.

Game seed: 7262465453433595047

63 r3xj the Slasher (level 3, -2/31 HPs)
             Began as a Minotaur Berserker on Dec 6, 2021.
             Was a Believer of Trog.
             Slain by a goblin (4 damage)
             ... on level 2 of the Dungeon.
             The game lasted 00:01:53 (1331 turns).

r3xj the Slasher (Minotaur Berserker)               Turns: 1331, Time: 00:01:54

Health: -2/31      AC:  2    Str: 21    XL:     3   Next: 89%
Magic:  2/2        EV: 12    Int:  4    God:    Trog [**....]
Gold:   93         SH:  0    Dex: 11    Spells: 2/2 levels left

rFire   . . .      SeeInvis .   a - +0 falchion
rCold   . . .      Faith    .   (no shield)
rNeg    . . .      Spirit   .   b - +0 animal skin
rPois   .          Reflect  .   (helmet restricted)
rElec   .          Harm     .   (no cloak)
rCorr   .          Rampage  .   (no gloves)
Will    .....                   (no boots)
Stlth   +.........              (no amulet)
HPRegen 0.10/turn               (no ring)
MPRegen 0.08/turn               (no ring)

@: no status effects
A: horns 2, retaliatory headbutt
a: Renounce Religion, Berserk, Trog's Hand


You were on level 2 of the Dungeon.
You worshipped Trog.
Trog was pleased with you.
You visited 1 branch of the dungeon, and saw 2 of its levels.

You collected 93 gold pieces.

Inventory:

Hand Weapons
 a - a +0 falchion (weapon)
 g - a +0 hunting sling
Missiles
 h - 18 stones (quivered)
Armour
 b - a +0 animal skin (worn)
Scrolls
 c - a scroll of enchant armour {unknown}
 d - a scroll of fear {unknown}
 e - a scroll of vulnerability {unknown}
 f - a scroll of torment {unknown}


   Skills:
 - Level 3.6 Fighting
 + Level 5.9 Long Blades
 - Level 2.4 Armour
 - Level 2.1 Dodging


You had 2 spell levels left.
You didn't know any spells.
Your spell library was empty.

Dungeon Overview and Level Annotations

Branches:
Dungeon (2/15)

Altars:

Annotations:
D:2 Robin


Innate Abilities, Weirdness & Mutations

You have a pair of horns on your head.
You reflexively headbutt those who attack you in melee.


Message History

Trog accepts your kill.
Robin roars a battlecry!
The goblins go into a battle-frenzy!
The goblin barely misses you.
You hit the goblin.
You headbutt the goblin, but do no damage.
The goblin is heavily wounded.
The goblin closely misses you.
The goblin hits you with a +0 dagger of protection.
You slash the goblin!
You kill the goblin!
Trog accepts your kill. The goblin closely misses you.
Robin throws the goblin at you!
You barely miss the goblin. Your headbutt misses the goblin.
A kobold comes into view. It is wielding a +0 whip.
The goblin closely misses you. The goblin hits you but does no damage.
You barely miss the goblin. Your headbutt misses the goblin.
The goblin hits you but does no damage. The goblin barely misses you.
You hit the goblin.
You kill the goblin!
Trog accepts your kill. The goblin barely misses you.
Robin throws the goblin at you!
You completely miss the goblin. Your headbutt misses the goblin.
The goblin closely misses you. You furiously retaliate!
You headbutt the goblin!
You kill the goblin!
Trog accepts your kill. The goblin barely misses you.
Robin throws the goblin at you! The goblin hits you with a +0 club.
You barely miss the goblin. The goblin hits you with a +0 club.
* * * LOW HITPOINT WARNING * * *
The goblin hits you with a +0 club.
* * * LOW HITPOINT WARNING * * *
You slash the goblin!
You kill the goblin!
Trog accepts your kill. The goblin hits you but does no damage.
Items here: )))) ††.
Robin throws the goblin at you! The goblin hits you with a +0 dagger.
You die...

#. #. #.# ..# #.#
#.# #.#
###.###.############
#................g.#
#.#.# #.......†.@#
#.#.###..#######)#
#.#..##..# #g#
#........# #)#
...#.##.## #g#
.#.#....#


BgK .#.#..### ..gg. .#.#..# .#...#. .#.#..# #.##..... You could see Robin, a
giant cockroach, 2 hobgoblins, 3 goblins and a kobold.

Vanquished Creatures
  An adder (D:2)
  2 worms (D:2)
  3 ball pythons (D:1)
  6 endoplasms
  4 giant cockroaches (D:1)
  7 goblins (D:2)
  5 hobgoblins (D:1)
  3 quokkas
  3 bats (D:1)
  A frilled lizard (D:1)
  2 kobolds (D:2)
  5 rats
42 creatures vanquished.

Vanquished Creatures (others)
  9 plants (D:2)
9 creatures vanquished.

Grand Total: 51 creatures vanquished

Notes
Turn   | Place    | Note
-------+----------+-------------------------------------------
     0 | D:1      | r3xj the Minotaur Berserker began the quest for the Orb.
     0 | D:1      | Reached XP level 1. HP: 19/19 MP: 0/0
    98 | D:1      | Reached skill level 4 in Long Blades
   256 | D:1      | Reached XP level 2. HP: 26/26 MP: 1/1
   463 | D:1      | Reached ** piety under Trog
   482 | D:1      | Reached skill level 5 in Long Blades
   767 | D:1      | Found a faded altar of an unknown god.
   771 | D:1      | Reached XP level 3. HP: 31/31 MP: 2/2
  1314 | D:2      | Noticed Robin
  1331 | D:2      | Slain by a goblin

Illustrated notes

Levels and vault maps discovered:
D:1:      dpeg_arrival_oval, layout_rooms,
          hellmonk_ecumenical_altar_inner_sanctum, serial_bayou_pond_e,
          minmay_crystal_water
D:2:      layout_loops_ring, basic_altar, serial_forest,
          infiniplex_forest_corner_2, infiniplex_forest_split,
          infiniplex_forest_clump_small, infiniplex_forest_clump_C,
          infiniplex_forest_clump_medium, minmay_3d_cube, uniq_sigmund,
          uniq_natasha, uniq_jessica, uniq_robin

Skill      XL: |  1  2 |
---------------+-------+-----
Long Blades    | 4 5 |  5.9
Fighting       | |  3.6
Armour         | |  2.4
Dodging        | |  2.1

Action                   || total
-------------------------++-------
Melee: Falchion          ||    87
       Headbutt          ||     7
Armor: Animal skin       ||    14
Dodge: Dodged            ||    52

Table legend: (Time is in decaauts)
 A = Elapsed time spent in this place.
 B = Non-inter-level travel time spent in this place.
 C = Inter-level travel time spent in this place.
 D = Time resting spent in this place.
 E = Time spent auto-exploring this place.
 F = Levels seen in this place.
 G = Mean time per level.
                   A        B        C        D        E       F      G
               +--------+--------+--------+--------+--------+-----+--------+
         Total |   1338 |   1207 |    131 |      0 |   1004 |   2 |  669.0 |
       Dungeon |   1338 |   1207 |    131 |      0 |   1004 |   2 |  669.0 |
               +--------+--------+--------+--------+--------+-----+--------+

Top non-repeatable levels by time:
     D:1: 1007 daAuts
     D:2: 331 daAuts
